 Dungeon Crawl Stone Soup version 0.30-a0-50-gb2d611f6b1 (webtiles) character file.

Game seed: 10139186419651371394

303 pokeman the Magician (level 6, -2/34 HPs)
             Began as a Deep Elf Hedge Wizard on Sept 4, 2022.
             Slain by an orc
             ... wielding a +0 flail
              (10 damage)
             ... on level 4 of the Dungeon.
             The game lasted 00:06:55 (4433 turns).

pokeman the Magician (Deep Elf Hedge Wizard)        Turns: 4433, Time: 00:06:56

Health: -2/34      AC:  3    Str:  7    XL:     6   Next: 15%
Magic:  0/17       EV: 12    Int: 21    God:
Gold:   55         SH:  0    Dex: 14    Spells: 7/18 levels left

rFire   . . .      SeeInvis .    f - +0 rapier
rCold   . . .      Faith    .    (no shield)
rNeg    . . .      Spirit   .    s - +0 leather armour
rPois   .          Reflect  .    c - +0 hat
rElec   .          Harm     .    (no cloak)
rCorr   +          Rampage  .    (no gloves)
Will    .....                    (no boots)
Stlth   ++........               (no amulet)
HPRegen 0.11/turn                a - ring of resist corrosion
MPRegen 0.15/turn                (no ring)

@: no status effects
A: no striking features
a: no special abilities


You were on level 4 of the Dungeon.
You visited 1 branch of the dungeon, and saw 4 of its levels.

You collected 151 gold pieces.
You spent 96 gold pieces at shops.

Inventory:

Hand Weapons
 f - a +0 rapier (weapon)
Armour
 c - a +0 hat (worn)
 s - a +0 leather armour (worn)
Magical Staves
 r - a staff of fire
Jewellery
 a - a ring of resist corrosion (left hand)
Wands
 e - a wand of charming (7)
Scrolls
 g - 3 scrolls of teleportation
 h - a scroll of butterflies
 j - 2 scrolls of poison
 l - a scroll of immolation
Potions
 d - a potion of magic
 i - 2 potions of flight {unknown}
 k - 2 potions of curing {unknown}
 m - a potion of invisibility {unknown}
 n - a potion of mutation {unknown}
 o - 2 potions of haste {unknown}
 p - a potion of lignification {unknown}
 q - a potion of resistance {unknown}


   Skills:
 - Level 1.0 Fighting
 - Level 1.0 Armour
 - Level 3.0 Dodging
 - Level 3.0 Stealth
 * Level 6.8 Spellcasting
 + Level 3.1 Conjurations
 - Level 1.1 Summonings
 - Level 1.1 Translocations
 + Level 1.3 Fire Magic
 - Level 1.0 Air Magic
 - Level 1.0 Poison Magic
 + Level 0.3 Evocations


You had 7 spell levels left.
You knew the following spells:

 Your Spells              Type           Power      Damage    Failure   Level
a - Magic Dart            Conj           80%        1d7       3%          1
b - Mephitic Cloud        Conj/Pois/Air  14%        N/A       19%         3
c - Call Imp              Summ           11%        N/A       13%         2
d - Blink                 Tloc           22%        N/A       13%         2
e - Conjure Flame         Conj/Fire      16%        6-21      16%         3

Your spell library contained the following spells:

 Spells                   Type           Power      Damage    Failure   Level
 Apportation              Tloc           22%        N/A       9%          1
 Static Discharge         Conj/Air       30%        3-5/arc   9%          2
 Slow                     Hex            28%        N/A       13%         1
 Portal Projectile        Hex/Tloc       18%        N/A       30%         3
 Hailstorm                Conj/Ice       13%        3d5       56%         4
 Lightning Bolt           Conj/Air       7%         1d20      83%         5
 Irradiate                Conj/Tmut      6%         3d13      88%         5
 Alistair's Intoxication  Tmut/Pois      6%         N/A       96%         5
 Maxwell's Capacitive Co  Air            5%         ∞         100%        8


Dungeon Overview and Level Annotations

Branches:
Dungeon (4/15)
 Temple: D:4-7

Altars:
Kikubaaqudgha

Shops:
D:4 ?

Annotations:
D:3 3 runed translucent doors, MrFrogsmire's ghost, weakling GrFE; Newt's ghost, amateur DsGl


Message History

Casting: Magic Dart (safe; 3% risk of failure)
Confirm with . or Enter, or press ? or * to list all spells.
You don't have enough magic to cast this spell.
Unknown command.
Casting: Magic Dart (safe; 3% risk of failure)
Confirm with . or Enter, or press ? or * to list all spells.
You don't have enough magic to cast this spell.
Unknown command.
Casting: Magic Dart (safe; 3% risk of failure)
Confirm with . or Enter, or press ? or * to list all spells.
You don't have enough magic to cast this spell.
Unknown command.
You hit the orc.
The orc is moderately wounded.
The orc closely misses you.
You hit the orc but do no damage.
The orc is moderately wounded.
The orc closely misses you. x2
You barely miss the orc.
The orc is moderately wounded.
The orc hits you with a +0 flail.
You hit the orc but do no damage.
The orc is moderately wounded.
The orc barely misses you.
You hit the orc but do no damage.
The orc is moderately wounded.
The orc barely misses you.
You hit the orc but do no damage.
The orc is moderately wounded.
The orc hits you with a +0 flail.
You hit the orc but do no damage.
The orc is moderately wounded.
The orc hits you with a +0 flail!
* * * LOW HITPOINT WARNING * * *
The orc closely misses you.
Casting: Magic Dart (safe; 3% risk of failure)
Confirm with . or Enter, or press ? or * to list all spells.
A beastly little devil appears in a puff of frigid air.
The orc hits you with a +0 flail!
You die...

..#.#.############ ##
.......##.......# ##?.
#+###.....##.#####.#
.....##.##......##)#####.#
.o......##......##..#....#
oo..g....#....[.###.#.####
..†.####)#.....)....#.....
. #o####.##.#########
#5@..∩....# ###.......#
#.....?## #......#
########


You could see an orc (ally target) and a friendly white imp (summoned).

Vanquished Creatures
  An ogre (D:4)
  A jelly (D:3)
  2 orc wizards (D:4)
  4 adders
  2 dart slugs
  7 orcs
  6 ball pythons
  2 bat zombies (D:3)
  8 endoplasms
  2 giant cockroaches
  8 goblins
  12 hobgoblins
  2 jackals (D:2)
  6 kobolds
  5 quokkas
  11 bats
  2 frilled lizards
  6 rats
87 creatures vanquished.

Notes
Turn   | Place    | Note
-------+----------+-------------------------------------------
     0 | D:1      | pokeman the Deep Elf Hedge Wizard began the quest for the
                  | Orb.
     0 | D:1      | Reached XP level 1. HP: 10/10 MP: 7/7
   299 | D:1      | Reached XP level 2. HP: 16/16 MP: 2/9
   701 | D:1      | Found a faded altar of an unknown god.
  1347 | D:1      | Reached skill level 5 in Spellcasting
  1469 | D:2      | Reached XP level 3. HP: 20/20 MP: 2/11
  1473 | D:2      | Learned a level 3 spell: Mephitic Cloud
  1476 | D:2      | Learned a level 2 spell: Call Imp
  1479 | D:2      | Learned a level 2 spell: Blink
  1483 | D:2      | Learned a level 3 spell: Conjure Flame
  2204 | D:2      | Reached skill level 1 in Fighting
  2204 | D:2      | Reached skill level 1 in Armour
  2730 | D:2      | Reached XP level 4. HP: 25/25 MP: 4/13
  3262 | D:3      | Got the Spellbook of Damage Dealing and the Oath
  3384 | D:3      | Found a runed translucent gate.
  3385 | D:3      | Found a runed translucent gate.
  3385 | D:3      | Found a runed translucent gate.
  3387 | D:3      | Noticed Newt's ghost (amateur DsGl)
  3387 | D:3      | Noticed MrFrogsmire's ghost (weakling GrFE)
  3408 | D:3      | Reached skill level 6 in Spellcasting
  3413 | D:3      | Reached XP level 5. HP: 17/29 MP: 6/15
  3869 | D:3      | Found an ancient bone altar of Kikubaaqudgha.
  4161 | D:4      | Reached skill level 1 in Poison Magic
  4286 | D:4      | Noticed an ogre
  4296 | D:4      | Killed an ogre
  4297 | D:4      | Reached skill level 1 in Fire Magic
  4297 | D:4      | Reached XP level 6. HP: 34/34 MP: 7/17
  4366 | D:4      | Found Wucytuoh's Magic Scroll Shoppe.
  4383 | D:4      | Bought a scroll of noise for 12 gold pieces
  4383 | D:4      | Bought a scroll of teleportation for 36 gold pieces
  4383 | D:4      | Bought a scroll of identify for 24 gold pieces
  4383 | D:4      | Bought a scroll of identify for 24 gold pieces
  4418 | D:4      | Reached skill level 1 in Air Magic
  4433 | D:4      | Slain by an orc

Illustrated notes

Levels and vault maps discovered:
D:1:      minmay_arrival_stone_box, layout_basic,
          hellmonk_ecumenical_altar_leap_of_faith
D:2:      layout_loops_ring
D:3:      layout_rooms, lemuel_zombie_altar_kikubaaqudgha,
          gammafunk_ghost_cemetery, dk_vineyard_1, minmay_stone_trees_small,
          interstate_on_off, minmay_goblin_outpost
D:4:      layout_basic, serial_shops, shop, hangedman_feature_mirror

Skill      XL: |  1  2  3  4  5  6 |
---------------+-------------------+-----
Spellcasting   | 5 6 |  6.8
Fighting       | 1 |  1.0
Armour         | 1 |  1.0
Conjurations   | 2 3 |  3.1
Stealth        | 3 |  3.0
Dodging        | 3 |  3.0
Poison Magic   | 1 |  1.0
Fire Magic     | 1 |  1.3
Air Magic      | 1 |  1.0
Summonings     | |  1.1
Translocations | |  1.1
Evocations     | |  0.3

Action                   |  1- 3 |  4- 6 || total
-------------------------+-------+-------++-------
Melee: Rapier            |       |    18 ||    18
 Cast: Magic Dart        |   135 |   110 ||   245
       Mephitic Cloud    |       |     3 ||     3
       Conjure Flame     |       |     1 ||     1
       Call Imp          |       |     1 ||     1
  Use: Scroll            |       |     3 ||     3
 Stab: Confused          |       |     1 ||     1
Armor: Robe              |     7 |     6 ||    13
       Leather armour    |       |     1 ||     1
Dodge: Dodged            |    14 |    28 ||    42

Table legend: (Time is in decaauts)
 A = Elapsed time spent in this place.
 B = Non-inter-level travel time spent in this place.
 C = Inter-level travel time spent in this place.
 D = Time resting spent in this place.
 E = Time spent auto-exploring this place.
 F = Levels seen in this place.
 G = Mean time per level.
                   A        B        C        D        E       F      G
               +--------+--------+--------+--------+--------+-----+--------+
         Total |   4437 |   4337 |    100 |    281 |   3581 |   4 | 1109.2 |
       Dungeon |   4437 |   4337 |    100 |    281 |   3581 |   4 | 1109.2 |
               +--------+--------+--------+--------+--------+-----+--------+

Top non-repeatable levels by time:
     D:2: 1439 daAuts
     D:1: 1433 daAuts
     D:3: 1210 daAuts
     D:4: 353 daAuts
